 Dungeon Crawl Stone Soup version 0.30.0-5-g1a98f26d00 (webtiles) character file.

Game seed: 14788739447679026955

60 fozzywoppz the Covered (level 4, 0/29 HPs)
             Began as a Gargoyle Fighter on May 11, 2023.
             Slain by a black bear (9 damage)
             ... on level 2 of the Dungeon.
             The game lasted 00:02:32 (1203 turns).

fozzywoppz the Covered (Gargoyle Fighter)           Turns: 1203, Time: 00:02:33

Health: 0/29       AC: 10    Str: 20    XL:     4   Next: 6%
Magic:  4/4        EV: 14    Int:  8    God:
Gold:   1286       SH:  4    Dex: 11    Spells: 3/3 levels left

rFire   . . .        a - +0 flail
rCold   . . .        c - +0 buckler
rNeg    + . .        b - +0 scale mail
rPois   ∞            (no helmet)
rElec   +            (no cloak)
rCorr   .            (no gloves)
SInv    .            (no boots)
Will    .....        (no amulet) Stlth
                     j - +5 ring of evasion
HPRegen 0.24/turn    (no ring)
MPRegen 0.09/turn

%: no passive effects
@: mighty
A: sickness immunity, AC +3, negative energy resistance 1, electricity
resistance, torment resistance 1, petrification resistance
a: no special abilities


You were on level 2 of the Dungeon.
You visited 1 branch of the dungeon, and saw 2 of its levels.

You collected 1286 gold pieces.

Inventory:

Hand Weapons
 a - a +0 flail (weapon)
Missiles
 o - 2 javelins (quivered)
Armour
 b - a +0 scale mail (worn)
 c - a +0 buckler (worn)
Jewellery
 j - a +5 ring of evasion (left hand)
Scrolls
 h - a scroll of fog {unknown}
 m - a scroll of magic mapping {unknown}
 p - a scroll of identify {unknown}
Potions
 e - a potion of experience {unknown}
 g - a potion of attraction {unknown}
 n - 2 potions of brilliance {unknown}


   Skills:
 + Level 4.0 Fighting
 + Level 2.3 Maces & Flails
 + Level 4.0 Armour
 + Level 3.9 Shields


You had 3 spell levels left.
You didn't know any spells.
Your spell library contained the following spells:

 Spells                   Type           Power      Damage    Failure   Level
 Ozocubu's Armour         Ice            0%         N/A       99%         3
 Ozocubu's Refrigeration  Ice            0%         4d7       100%        7


Dungeon Overview and Level Annotations

Branches:
Dungeon (2/15)

Altars:

Annotations:
D:2 Robin


Innate Abilities, Weirdness & Mutations

You are immune to sickness and miasma.
Your stone body is resilient. (AC +3)
You are immune to poison.
You resist negative energy. (rN+)
You are resistant to electric shocks. (rElec)
You are resistant to unholy torment.
You are immune to petrification.


Message History

Unknown command.
Okay, then.
The goblin no longer looks unusually strong.
The adder bites you but does no damage. You block the goblin's attack.
The goblin closely misses you. The goblin misses you.
Your surroundings suddenly seem different.
A kobold and a black bear come into view.
Found a rapier.
The black bear growls angrily.
The kobold hits you but does no damage.
Unknown command.
You feel very mighty all of a sudden. The kobold misses you.
You thump the kobold!
You kill the kobold!
You barely miss the black bear. The black bear misses you.
The black bear barely misses you. The black bear claws you.
The black bear closely misses you. The black bear claws you.
The black bear claws you but does no damage.
You closely miss the black bear. The black bear barely misses you.
The black bear closely misses you. You block the black bear's attack.
You thump the black bear!
The black bear is moderately wounded.
The black bear bites you but does no damage.
The black bear claws you but does no damage.
The black bear closely misses you.
You closely miss the black bear.
The black bear is moderately wounded.
The black bear bites you but does no damage.
You block the black bear's attack. The black bear closely misses you.
You sock the black bear!
The black bear is severely wounded.
The black bear goes berserk!
The black bear bites you.
The black bear claws you but does no damage. x2
You sock the black bear!
The black bear is almost dead.
You block the black bear's attack.
The black bear claws you but does no damage.
You block the black bear's attack. The black bear bites you!
You die...

#. .. . . #.
.. ..
##########..#
# #....)@h...#
#
#.............
..
#.............
#).........###
#########.##
.# . .#
###.####


You could see a black bear (berserk).

Vanquished Creatures
  3 worms (D:2)
  A dart slug (D:2)
  2 ball pythons
  4 bats
  8 endoplasms
  A giant cockroach (D:2)
  6 goblins
  5 hobgoblins
  4 quokkas
  3 frilled lizards
  5 kobolds
  3 rats
45 creatures vanquished.

Notes
Turn   | Place    | Note
-------+----------+-------------------------------------------
     0 | D:1      | fozzywoppz the Gargoyle Fighter began the quest for the
                  | Orb.
     0 | D:1      | Reached XP level 1. HP: 14/14 MP: 1/1
   105 | D:1      | Reached XP level 2. HP: 4/19 MP: 2/2
   532 | D:1      | Reached XP level 3. HP: 23/24 MP: 3/3
  1177 | D:2      | Noticed Robin
  1181 | D:2      | Reached XP level 4. HP: 29/29 MP: 4/4
  1191 | D:2      | Identified a scroll of acquirement
  1191 | D:2      | Acquired 1224 gold pieces
  1195 | D:2      | Noticed a black bear
  1203 | D:2      | Slain by a black bear

Illustrated notes

Levels and vault maps discovered:
D:1:      evilmike_arrival_fibonacci_small, layout_loops_ring,
          minmay_misc_feat_chi, dk_noncrumbling_4
D:2:      layout_rooms, minmay_misc_feat_nine_boxes, uniq_robin, uniq_natasha,
          uniq_jessica

Skill      XL: |  1  2  3 |
---------------+----------+-----
Armour         | 4 |  4.0
Fighting       | 4 |  4.0
Maces & Flails | |  2.3
Shields        | |  3.9

Action                     |  1- 3 |  4- 6 || total
---------------------------+-------+-------++-------
  Melee: Flail             |   120 |    14 ||   134
    Use: Scroll            |       |     4 ||     4
         Potion            |       |     1 ||     1
 Armour: Scale mail        |    52 |    24 ||    76
  Dodge: Dodged            |    71 |    40 ||   111
  Block: Buckler           |    29 |    20 ||    49
